 Dungeon Crawl Stone Soup version 0.29-a0-234-g0dae59b3db (webtiles) character file.

Game seed: 14728190402475266341

30 HotDog the Skirmisher (level 3, -7/23 HPs)
             Began as a Gargoyle Fighter on Mar 3, 2022.
             Splashed by a jelly's acid (9 damage)
             ... on level 2 of the Dungeon.
             The game lasted 00:01:58 (1650 turns).

HotDog the Skirmisher (Gargoyle Fighter)            Turns: 1650, Time: 00:02:00

Health: -7/23      AC:  3    Str: 21    XL:     3   Next: 18%
Magic:  3/3        EV:  9    Int:  8    God:
Gold:   93         SH:  4    Dex:  9    Spells: 2/2 levels left

rFire   . . .      SeeInvis +   a - +0 flail
rCold   . . .      Faith    .   c - +0 buckler
rNeg    + . .      Spirit   .   b - +0 scale mail
rPois   ∞          Reflect  .   m - +0 helmet
rElec   +          Harm     .   (no cloak)
rCorr   .          Rampage  .   (no gloves)
Will    .....                   (no boots)
Stlth   ..........              (no amulet)
HPRegen 0.07/turn               n - ring of see invisible
MPRegen 0.08/turn               (no ring)

@: corroded
A: sickness immunity, AC +3, negative energy resistance 1, electricity
resistance, torment resistance 1, petrification resistance
a: no special abilities


You were on level 2 of the Dungeon.
You visited 1 branch of the dungeon, and saw 2 of its levels.

You collected 93 gold pieces.

Inventory:

Hand Weapons
 a - a +0 flail (weapon)
Armour
 b - a +0 scale mail (worn)
 c - a +0 buckler (worn)
 m - a +0 helmet (worn)
Jewellery
 n - a ring of see invisible (left hand)
Scrolls
 g - a scroll of amnesia {unknown}
 h - a scroll of teleportation {unknown}
 i - 2 scrolls of enchant weapon {unknown}
 k - a scroll of fear {unknown}
 o - a scroll of holy word {unknown}
Potions
 d - a potion of might
 e - a potion of attraction {unknown}
 f - a potion of flight {unknown}
 j - 2 potions of lignification {unknown}
 l - a potion of heal wounds {unknown}


   Skills:
 * Level 3.5 Fighting
 * Level 2.5 Maces & Flails
 * Level 3.5 Armour
 * Level 0.6 Dodging
 * Level 3.4 Shields
 * Level 0.6 Invocations


You had 2 spell levels left.
You didn't know any spells.
Your spell library was empty.

Dungeon Overview and Level Annotations

Branches:
Dungeon (2/15)

Altars:


Innate Abilities, Weirdness & Mutations

You are immune to sickness and miasma.
Your stone body is resilient. (AC +3)
You are immune to poison.
You resist negative energy. (rN+)
You are resistant to electric shocks. (rElec)
You are resistant to unholy torment.
You are immune to petrification.


Message History

The endoplasm freezes you.
You are frozen.
The endoplasm barely misses you.
The endoplasm hits the fungus.
Something hits the fungus. x2
You hit the endoplasm.
You kill the endoplasm!
The endoplasm jiggles.
You completely miss the endoplasm. You sock the jelly! The acid corrodes you!
Your hands burn!
The jelly is heavily wounded.
A nearby fungus withers and dies.
The jelly hits you but does no damage.
You hit the jelly but do no damage.
Your hands burn!
The jelly is heavily wounded.
The jelly hits you but does no damage.
You are too injured to fight recklessly!
You are too injured to fight recklessly!
You see here a +0 dagger.
You are too injured to fight recklessly!
You are too injured to fight recklessly!
You are too injured to fight recklessly!
You barely miss the jelly.
The jelly is heavily wounded.
You block the jelly's attack.
You completely miss the jelly.
The jelly is heavily wounded.
The jelly hits you but does no damage.
The jelly jiggles.
You block the jelly's attack.
You hit the jelly. The acid corrodes you!
Your hands burn!
The jelly is severely wounded.
The jelly barely misses you.
You barely miss the jelly.
The jelly is severely wounded.
The jelly closely misses you.
You hit the jelly but do no damage.
Your hands burn!
* * * LOW HITPOINT WARNING * * *
The jelly is severely wounded.
The jelly closely misses you. The jelly hits you.
* * * LOW HITPOINT WARNING * * *
You are splashed with acid!
You die...

#####
#.###'''##
#####...##
##.....##
#.......#
#.......#
#.......#
#.......#
#....####
#....'.@##
########J#
##JJ.JJ.##
#J#######
#.÷.J...÷.
#.J.J.P.P.
#...P÷J.P.
#.....P..÷
#.÷.P.....


You could see a jelly.

Vanquished Creatures
  2 endoplasms
  A giant cockroach (D:1)
  2 hobgoblins (D:1)
  2 quokkas (D:1)
  4 ball pythons (D:1)
  4 bats
  A frilled lizard (D:1)
  2 goblins
  9 kobolds
  2 rats (D:1)
29 creatures vanquished.

Vanquished Creatures (others)
  3 fungi (D:2)
  6 toadstools (D:2)
9 creatures vanquished.

Grand Total: 38 creatures vanquished

Notes
Turn   | Place    | Note
-------+----------+-------------------------------------------
     0 | D:1      | HotDog the Gargoyle Fighter began the quest for the Orb.
     0 | D:1      | Reached XP level 1. HP: 14/14 MP: 1/1
   395 | D:1      | Reached XP level 2. HP: 5/19 MP: 2/2
  1384 | D:2      | Reached XP level 3. HP: 17/23 MP: 3/3
  1650 | D:2      | Splashed by a jelly's acid

Illustrated notes

Levels and vault maps discovered:
D:1:      eino_arrival_tree_alley, layout_basic
D:2:      cheibrodos_fertilizer, layout_loops_ring, basic_altar,
          basic_ecumenical_altar, minmay_stone_trees_medium,
          uniq_crazy_yiuf_cottage

Action                   || total
-------------------------++-------
Melee: Flail             ||   113
Armor: Scale mail        ||    75
Dodge: Dodged            ||    64
Block: Buckler           ||    35

Table legend: (Time is in decaauts)
 A = Elapsed time spent in this place.
 B = Non-inter-level travel time spent in this place.
 C = Inter-level travel time spent in this place.
 D = Time resting spent in this place.
 E = Time spent auto-exploring this place.
 F = Levels seen in this place.
 G = Mean time per level.
                   A        B        C        D        E       F      G
               +--------+--------+--------+--------+--------+-----+--------+
         Total |   1686 |   1656 |     30 |      0 |   1392 |   2 |  843.0 |
       Dungeon |   1686 |   1656 |     30 |      0 |   1392 |   2 |  843.0 |
               +--------+--------+--------+--------+--------+-----+--------+

Top non-repeatable levels by time:
     D:1: 1331 daAuts
     D:2: 355 daAuts
